 Dungeon Crawl Stone Soup version 0.22-a0-362-g535178c5c5 (webtiles) character file.

94 dricus the Sneak (level 4, -10/23 HPs)
             Began as a Vine Stalker Assassin on Apr 21, 2018.
             Killed by divine providence
             ... invoked by an orc priest
              (14 damage)
             ... on level 3 of the Dungeon.
             The game lasted 00:02:59 (1862 turns).

dricus the Sneak (Vine Stalker Assassin)            Turns: 1862, Time: 00:02:59

Health: -10/23     AC:  9    Str: 15    XL:     4   Next: 63%
Magic:  0/5        EV:  9    Int: 11    God:
Gold:   46         SH:  0    Dex: 15    Spells: 3/3 levels left

rFire    . . .     SeeInvis .   p - +0 falchion
rCold    . . .     Gourm    .   (no shield)
rNeg     . . .     Faith    .   k - +0 scale mail
rPois    .         Spirit   +   (no helmet)
rElec    .         Reflect  .   d - +2 cloak
rCorr    .         Harm     .   (no gloves)
MR       .....                  (no boots)
Stlth    ++........             (no amulet)
HPRegen  0.47/turn              (no ring)
MPRegen  0.09/turn              (no ring)

@: no status effects
A: fangs 2, regeneration 1, magic shield, antimagic bite, no potion heal 3, rot
immunity
a: no special abilities


You were on level 3 of the Dungeon.
You were not hungry.

You visited 1 branch of the dungeon, and saw 3 of its levels.

You collected 46 gold pieces.

Inventory:

Hand Weapons
 a - a +2 dagger
 b - a +0 blowgun
 p - a +0 falchion (weapon)
Missiles
 e - 37 poisoned needles
 f - 2 curare-tipped needles
 n - 24 stones (quivered)
Armour
 d - a +2 cloak (worn)
 k - a +0 scale mail (worn)
 q - a +0 chain mail
Jewellery
 h - an uncursed amulet of magic regeneration {unknown}
Scrolls
 c - a scroll of random uselessness {unknown}
 o - a scroll of amnesia {unknown}
 s - a scroll of teleportation {unknown}
Potions
 m - a potion of agility {unknown}
 t - a potion of invisibility {unknown}
 u - a potion of haste {unknown}
Comestibles
 g - 2 rations
 i - 9 chunks of flesh


   Skills:
 + Level 2.8 Fighting
 * Level 3.6 Short Blades
 - Level 1.7 Throwing
 - Level 0.7 Dodging
 - Level 4.8 Stealth


You had 3 spell levels left.
You didn't know any spells.

Dungeon Overview and Level Annotations

Branches:
Dungeon (3/15)

Altars:
Cheibriados


Innate Abilities, Weirdness & Mutations

You have extremely sharp teeth.
Your natural rate of healing is unusually fast.
When hurt, damage is shared between your health and your magic reserves.
Your bite disrupts and absorbs the magic of your enemies.
Potions cannot restore your health.
You are immune to rotting.


Message History

You hit the orc priest.
The orc priest is severely wounded.
The orc priest hits you but does no damage.
You hit the orc priest. Your bite misses the orc priest.
The orc priest is severely wounded.
The orc barely misses you.
You riposte.
You closely miss the orc. You bite the orc. You drain its power.
The orc is lightly wounded.
The orc priest invokes the aid of Beogh against you.
Beogh smites you!
You closely miss the orc priest. Your bite misses the orc priest.
The orc priest is severely wounded.
The orc hits you but does no damage.
The orc priest calls down the wrath of Beogh upon you.
Pain shoots through your body!
* * * LOW HITPOINT WARNING * * *
The orc priest mumbles some strange prayers to Beogh against you.
Beogh smites you!
Ouch! That really hurt!
You die... .... ##.#. # #..... .....# .# ##..#.#... ooso.....

#oog..... #@# #
###+##+#.##.##..
#...............
................
........###.##..
........# <#
........# #
........#
........#


You could see 2 orc priests, 3 orcs, a giant cockroach and a goblin.

Vanquished Creatures
  Terence (D:2)
  2 oozes
  2 worms (D:2)
  2 dart slugs
  A leopard gecko (D:3)
  8 bats
  2 giant cockroaches (D:2)
  6 goblins (D:1)
  8 hobgoblins
  7 kobolds
  2 ball pythons
  5 rats
46 creatures vanquished.

Notes
Turn   | Place    | Note
-------+----------+-------------------------------------------
     0 | D:1      | dricus the Vine Stalker Assassin began the quest for the Orb.
     0 | D:1      | Reached XP level 1. HP: 11/11 MP: 2/2
   361 | D:1      | Reached XP level 2. HP: 6/15 MP: 0/3
   766 | D:1      | Reached XP level 3. HP: 18/18 MP: 4/4
  1289 | D:2      | Noticed Terence
  1344 | D:2      | Killed Terence
  1344 | D:2      | Gained mutation: Your natural rate of healing is unusually fast. [Vine Stalker growth]
  1344 | D:2      | Reached XP level 4. HP: 13/23 MP: 3/5
  1419 | D:2      | Found a snail-covered altar of Cheibriados.
  1862 | D:3      | Killed from afar by an orc priest

Vault maps used:
D:1:      erik_arrival_blinker_ship
D:2:      cheibriados_altar_1, uniq_terence

Skill      XL: |  1  2  3 |
---------------+----------+-----
Short Blades   | 2 3 |  3.6
Fighting       | 2 |  2.8
Throwing       | |  1.7
Dodging        | |  0.7
Stealth        | |  4.8

Action                   |  1- 3 |  4- 6 || total
-------------------------+-------+-------++-------
Melee: Dagger            |   118 |     5 ||   123
       Bite              |    29 |    14 ||    43
       Falchion          |       |    44 ||    44
  Use: Scroll            |       |     4 ||     4
 Stab: Sleeping          |     3 |     1 ||     4
  Eat: Chunk             |     1 |     2 ||     3
Armor: Robe              |    11 |       ||    11
       Scale mail        |    25 |    14 ||    39
Dodge: Dodged            |    50 |    24 ||    74
       Rpst.: Falchion   |       |     9 ||     9

Table legend:
 A = Spawn XP
 B = Non-spawn XP
 C = Spawn XP percentage of total XP
 D = Spawn monster count
 E = Non-spawn monster count
 F = Spawn count percentage of total count
 G = Total turns spent on level
                    A         B        C        D         E        F      G
               +---------+---------+-------+---------+---------+-------+---------
         Total |       0 |     135 |   0.0 |       0 |      46 |   0.0 |  1862
               +---------+---------+-------+---------+---------+-------+---------
           D:1 |       0 |      52 |   0.0 |       0 |      26 |   0.0 |  1223
           D:2 |       0 |      78 |   0.0 |       0 |      18 |   0.0 |   583
           D:3 |       0 |       5 |   0.0 |       0 |       2 |   0.0 |    56
               +---------+---------+-------+---------+---------+-------+---------
